 Dungeon Crawl Stone Soup version 0.31.0-12-g77e489cdc1 (webtiles) character file.

Game seed: 8736812455035530101

13824 Doomgape the Fighter (level 11, -17/130 HPs)
             Began as a Troll Berserker on Feb 25, 2024.
             Was a High Priest of Trog.
             Demolished by a titanic slime creature (95 damage)
             ... on level 12 of the Dungeon.
             The game lasted 00:30:12 (9949 turns).

Doomgape the Fighter (Troll Berserker)              Turns: 9949, Time: 00:30:12

Health: -17/130    AC:  7    Str: 31    XL:     11   Next: 80%
Magic:  10/10      EV: 15    Int:  3    God:    Trog [*****.]
Gold:   794        SH:  0    Dex:  9    Spells: 10/10 levels left

rFire   . . .        x - +5 dire flail (freeze)
rCold   . . .        (shield currently unavailable)
rNeg    . . .        a - +0 animal skin
rPois   +            (helmet restricted)
rElec   .            i - +2 cloak
rCorr   .            (gloves unavailable)
SInv    .            (boots unavailable)
Will    .....        (no amulet)
Stlth   +            b - +5 ring of evasion
HPRegen 1.21/turn    o - ring of poison resistance
MPRegen 0.12/turn

%: no passive effects
@: no status effects
A: large, unfitting armour, claws 3, regeneration 1, shaggy fur 1, tough skin 1
a: Renounce Religion, Berserk, Trog's Hand, Brothers in Arms


You were on level 12 of the Dungeon.
You worshipped Trog.
Trog was extremely pleased with you.
You visited 2 branches of the dungeon, and saw 13 of its levels.
You also visited: Sewer and Ossuary.

You collected 794 gold pieces.

Inventory:

Hand Weapons
 m - a +0 giant spiked club
 x - a +5 dire flail of freezing (weapon)
 D - the +4 great sword of Hidytookh {flame, rPois Str+4 Dex-2}
   (Trog gifted it to you on level 7 of the Dungeon)

   Str+4:     It affects your strength (+4).
   Dex-2:     It affects your dexterity (-2).
   rPois:     It protects you from poison
Missiles
 d - 3 large rocks (quivered)
 B - 2 silver javelins
 G - a throwing net
Armour
 a - a +0 animal skin (worn)
 i - a +2 cloak (worn)
 p - the +10 tower shield of Ignorance {rN+ Int-4}
   (You acquired it on level 3 of the Dungeon)

   Int-4:     It affects your intelligence (-4).
   rN+:       It protects you from negative energy.
Jewellery
 b - a +5 ring of evasion (left claw)
 e - a ring of protection from fire
 o - a ring of poison resistance (right claw)
Wands
 w - a wand of polymorph (10)
 y - a wand of flame (37)
 F - a wand of roots (15)
 I - a wand of acid (1)
Scrolls
 c - a scroll of blinking
 g - 2 scrolls of identify
 j - 4 scrolls of teleportation
 q - a scroll of enchant weapon
 A - a scroll of poison
 C - a scroll of fog
 H - a scroll of enchant armour
Potions
 f - 3 potions of magic
 h - 8 potions of curing
 k - 2 potions of invisibility
 l - 5 potions of mutation
 n - 2 potions of heal wounds
 r - a potion of enlightenment
 s - 6 potions of attraction
 t - 2 potions of cancellation
 u - 4 potions of might
 v - 6 potions of haste
 z - a potion of lignification
 E - a potion of berserk rage


   Skills:
 + Level 14.0 Fighting
 + Level 8.8 Maces & Flails
 - Level 2.8 Dodging
 - Level 10.3 Unarmed Combat


You had 10 spell levels left.
You didn't know any spells.
Your spell library was empty.

Dungeon Overview and Level Annotations

Branches:
Dungeon (11/15)            Temple (1/1) D:5            Lair (0/5) D:8
    Orc (0/2) D:11          Sewer (visited)         Ossuary (visited)

Altars:
Ashenzari
Cheibriados
Dithmenos
Elyvilon
Fedhas
Gozag
Hepliaklqana
Kikubaaqudgha
Makhleb
Nemelex Xobeh
Okawaru
Qazlal
Ru
Sif Muna
Trog
Uskayaw
Vehumet
Wu Jian
Xom
Yredelemnul
Zin
The Shining One

Shops:
D:3 [   D:5 :   D:8 =


Innate Abilities, Weirdness & Mutations

You are too large for most types of armour.
You have claws for hands.
Your natural rate of healing is unusually fast.
You are covered in fur. (AC +1)
You have tough skin. (AC +1)


Message History

The acid corrodes the enormous slime creature!
The enormous slime creature is moderately wounded.
Unknown command.
Aiming: Corrosive Bolt
Press: ? - help, Shift-Dir - straight line, f - slime creature, p - enormous slime creature
Aim: a slime creature (94% to hit)
The bolt of acid misses the enormous slime creature.
The bolt of acid hits the slime creature!
The acid corrodes the slime creature!
The slime creature is moderately wounded.
The enormous slime creature is no longer covered in acid.
Unknown command.
Unknown command.
You bludgeon the enormous slime creature!!
You freeze the enormous slime creature.
The enormous slime creature is moderately wounded.
The enormous slime creature hits you!!!
Unknown command.
The enormous slime creature attacks as it pursues you!
The enormous slime creature barely misses you.
There is an open door, spattered with blood here.
Two slime creatures merge to form a titanic slime creature.
Aiming: Fastroot
Press: ? - help, Shift-Dir - straight line The roots erupt in riotous growth!
The titanic slime creature is unaffected.
The titanic slime creature is no longer covered in acid.
Unknown command.
Unknown command.
Aiming: Corrosive Bolt
Press: ? - help, Shift-Dir - straight line, f - titanic slime creature
Aim: a titanic slime creature (moderately wounded, 94% to hit)
The bolt of acid hits the titanic slime creature!
The acid corrodes the titanic slime creature!
The titanic slime creature is moderately wounded.
Unknown command.
The titanic slime creature attacks as it pursues you!
The titanic slime creature hits you!!!!
Ouch! That really hurt!
You die...

.#.....#...#...#.....#
#.....#.......#.....#
#.......#.....#
#.......#.....#
######'##.....#
#.....##.....#
#............#
#......J.....#
#.......@....#
#............#
#.....##.....#
########.....#
#....... #........
#........ #........


You could see a titanic slime creature (corroded).

Vanquished Creatures
  A catoblepas (D:8)
  A boulder beetle (D:10)
  5 two-headed ogres
  A centaur warrior (D:8)
  Pikel (D:7)
  An ugly thing (D:11)
  4 trolls
  Sigmund (D:5)
  2 wraiths
  2 wyverns
  14 yaks (D:9)
  Eustachio (D:6)
  A steam dragon (D:9)
  Edmund (D:4)
  Menkaure (D:7)
  An acid dragon (D:10)
  2 water moccasins
  Pargi (Sewer)
  3 orc warriors
  A sky beast (D:8)
  A laughing skull (D:8)
  An ogre (D:5)
  2 centaurs
  2 phantoms
  3 kobold brigands
  A brain worm (Sewer)
  5 bullfrogs
  A scorpion (D:4)
  10 wights
  3 howler monkeys
  A bullfrog zombie (Ossuary)
  Crazy Yiuf (D:3)
  A bombardier beetle (D:5)
  3 orc priests
  6 hounds
  3 jellies
  A bullfrog skeleton (D:5)
  A gnoll bouda (D:10)
  Terence (D:3)
  Jessica (D:3)
  An iguana (D:6)
  6 orc wizards
  2 killer bee zombies (Ossuary)
  2 crocodile zombies (Ossuary)
  4 hound zombies (Ossuary)
  15 mummies
  7 adders
  7 gnolls
  2 howler monkey zombies (D:5)
  A shadow imp (D:7)
  5 white imps
  10 dart slugs (D:4)
  2 ribbon worms (D:2)
  The ghost of dvd2 the Sneak, a weakling SpDe (D:5)
  29 orcs
  9 bats
  13 endoplasms
  7 giant cockroaches
  5 goblins
  6 hobgoblins
  14 jackals
  4 quokkas
  5 ball pythons
  2 ball python zombies (Ossuary)
  3 frilled lizards
  16 kobolds
  9 rats
280 creatures vanquished.

Notes
Turn   | Place    | Note
-------+----------+-------------------------------------------
     0 | D:1      | Doomgape the Troll Berserker began the quest for the Orb.
     0 | D:1      | Reached XP level 1. HP: 22/22 MP: 0/0
    79 | D:1      | Reached XP level 2. HP: 29/29 MP: 1/1
   255 | D:1      | Reached ** piety under Trog
   425 | D:1      | Reached skill level 3 in Fighting
   542 | D:1      | Reached XP level 3. HP: 37/37 MP: 2/2
   987 | D:2      | Reached XP level 4. HP: 44/45 MP: 3/3
  1407 | D:3      | Found Burur's Antique Armour Shoppe.
  1510 | D:3      | Reached *** piety under Trog
  1511 | D:3      | Reached XP level 5. HP: 54/54 MP: 4/4
  1558 | D:3      | Noticed Jessica
  1565 | D:3      | Killed Jessica
  1576 | D:3      | Found a glowing drain.
  1601 | Sewer    | Entered a sewer
  1617 | Sewer    | Reached skill level 4 in Fighting
  1620 | Sewer    | Noticed Pargi
  1630 | Sewer    | Killed Pargi
  1631 | Sewer    | Reached skill level 5 in Unarmed Combat
  1631 | Sewer    | Reached XP level 6. HP: 63/63 MP: 5/5
  2047 | D:3      | Noticed Terence
  2052 | D:3      | Killed Terence
  2138 | D:3      | Identified the +6 short sword "Nyabaed" {heavy, +Blink
                  | rPois Str-3}
  2228 | D:3      | Found a runed translucent door.
  2229 | D:3      | Noticed Crazy Yiuf
  2240 | D:3      | Killed Crazy Yiuf
  2368 | D:3      | Identified a scroll of acquirement
  2368 | D:3      | Acquired the +10 tower shield of Ignorance {rN+ Int-4}
  2368 | D:3      | Found the +10 tower shield of Ignorance {rN+ Int-4}
  2377 | D:3      | Lost intelligence.
  2444 | D:4      | Reached XP level 7. HP: 69/70 MP: 6/6
  2459 | D:4      | Reached skill level 5 in Fighting
  2558 | D:4      | Reached **** piety under Trog
  2856 | D:4      | Noticed Edmund
  2867 | D:4      | Killed Edmund
  3168 | D:5      | Entered Level 5 of the Dungeon
  3196 | D:5      | Found a staircase to the Ecumenical Temple.
  3206 | Temple   | Entered the Ecumenical Temple
  3465 | D:5      | Reached skill level 6 in Fighting
  3465 | D:5      | Reached XP level 8. HP: 83/83 MP: 7/7
  3467 | D:5      | Noticed Sigmund
  3480 | D:5      | Killed Sigmund
  3646 | D:5      | Found a runed translucent gate.
  3647 | D:5      | Found a runed translucent gate.
  3648 | D:5      | Found a runed translucent gate.
  3668 | D:5      | Found Dain's Book Boutique.
  3915 | D:5      | Noticed dvd2's ghost (weakling SpDe)
  4106 | D:5      | Killed dvd2's ghost
  4313 | D:6      | Noticed Eustachio
  4324 | D:6      | Killed Eustachio
  4456 | D:6      | Reached skill level 7 in Fighting
  5101 | D:7      | Reached XP level 9. HP: 93/93 MP: 8/8
  5187 | D:7      | Noticed Pikel
  5200 | D:7      | Killed Pikel
  5201 | D:7      | Reached skill level 8 in Fighting
  5214 | D:7      | Noticed Menkaure
  5219 | D:7      | Killed Menkaure
  5320 | D:7      | Found a sand-covered staircase.
  5328 | Ossuary  | Entered an ossuary
  5349 | Ossuary  | Reached ***** piety under Trog
  5384 | Ossuary  | Reached skill level 10 in Unarmed Combat
  5865 | D:7      | Acquired a manual of Fighting
  5948 | D:7      | Identified the +4 great sword of Hidytookh {flame, rPois
                  | Str+4 Dex-2} (Trog gifted it to you on level 7 of the
                  | Dungeon)
  5948 | D:7      | Received a gift from Trog
  6305 | D:8      | Noticed a two-headed ogre
  6317 | D:8      | Killed a two-headed ogre
  6318 | D:8      | Reached skill level 9 in Fighting
  6318 | D:8      | Reached XP level 10. HP: 10/107 MP: 9/9
  6407 | D:8      | Found a staircase to the Lair.
  6525 | D:8      | Found Sabraox's Jewellery Boutique.
  7165 | D:8      | Noticed a catoblepas
  7165 | D:8      | Noticed a centaur warrior
  7192 | D:8      | Killed a centaur warrior
  7193 | D:8      | Reached skill level 10 in Fighting
  7282 | D:8      | Killed a catoblepas
  7283 | D:8      | Reached skill level 11 in Fighting
  7283 | D:8      | Reached skill level 5 in Maces & Flails
  7880 | D:9      | Noticed a two-headed ogre
  7890 | D:9      | Killed a two-headed ogre
  8120 | D:9      | Reached XP level 11. HP: 116/123 MP: 10/10
  8142 | D:9      | Reached skill level 12 in Fighting
  8660 | D:10     | Entered Level 10 of the Dungeon
  8660 | D:10     | Noticed a two-headed ogre
  8660 | D:10     | Noticed a boulder beetle
  8672 | D:10     | Killed a two-headed ogre
  8693 | D:10     | Killed a boulder beetle
  8722 | D:10     | Reached skill level 13 in Fighting
  8777 | D:10     | Noticed a two-headed ogre
  8952 | D:10     | Noticed a two-headed ogre
  8965 | D:9      | Killed a two-headed ogre
  9156 | D:10     | Found a white marble altar of Elyvilon.
  9162 | D:10     | Found a shimmering blue altar of Sif Muna.
  9225 | D:10     | Killed a two-headed ogre
  9786 | D:11     | Found a staircase to the Orcish Mines.
  9815 | D:11     | Noticed a cyan ugly thing
  9824 | D:11     | Killed a cyan ugly thing
  9870 | D:11     | You fall into a shaft and drop 1 floor!
  9880 | D:12     | Reached skill level 14 in Fighting
  9949 | D:12     | Demolished by a titanic slime creature

Illustrated notes

Levels and vault maps discovered:
D:1:      noname_arrival_rooms_in_the_neighbourhood, layout_loops_ring
D:2:      layout_loops_ring, minmay_surrounded
D:3:      minmay_spotlight, layout_loops_ring, gup_sewer_entry_glass,
          serial_shops, shop, uniq_crazy_yiuf_cottage, uniq_terence,
          uniq_jessica
D:4:      kennysheep_slugbush, layout_gridville, dreamdust_princess_corridor,
          uniq_edmund
D:5:      layout_loops_ring, minmay_temple_entry_junction_2,
          gammafunk_ghost_necromancy, minmay_stone_trees_small,
          nicolae_take_the_stairs, nicolae_eternal_life, roderic_lattice_a,
          uniq_sigmund
D:6:      layout_loops_cross, serial_aquarium, aquarium_bridge_square
          [aquarium_subvault_window, aquarium_subvault_bridge,
          aquarium_subvault_bridge, aquarium_subvault_balcony],
          aquarium_window_corridor_3, aquarium_window_fake,
          aquarium_window_corner, aquarium_window_corner, aquarium_view_2g,
          aquarium_balcony_double_2, uniq_eustachio
D:7:      layout_loops_ring, gup_ossuary_entry_pyramid, uniq_pikel,
          uniq_menkaure
D:8:      minmay_chambers_of_sevens, layout_basic, serial_shops, shop,
          eino_tiny_chamber, nicolae_nh_ransacked_shop
D:9:      layout_stronghold
D:10:     layout_cross, minitemple
D:11:     layout_rooms, orc_0_dummy
D:12:     layout_stronghold
Temple:   nicolae_temple_bog_church

Skill      XL: |  1  2  3  4  5  6  7  8  9 10 11 |
---------------+----------------------------------+-----
Fighting       | 3 4 6 7 9 11 14 | 14.0
Unarmed Combat | 4 5 6 7 8 10 | 10.3
Maces & Flails | 2 6 8 |  8.8
Dodging        | |  2.8

Action                     |  1- 3 |  4- 6 |  7- 9 | 10-12 || total
---------------------------+-------+-------+-------+-------++-------
  Melee: Unarmed           |   124 |   132 |   313 |       ||   569
         Punch             |     2 |     3 |    16 |       ||    21
         Dire flail        |       |       |       |   304 ||   304
  Evoke: Wand              |       |       |     1 |    11 ||    12
    Use: Scroll            |       |    10 |     6 |    12 ||    28
         Potion            |       |       |       |     6 ||     6
   Stab: Sleeping          |       |     2 |       |       ||     2
 Armour: Animal skin       |    76 |    56 |   137 |   216 ||   485
  Dodge: Dodged            |    83 |    92 |   156 |   205 ||   536
